 Dungeon Crawl Stone Soup version 0.17.2-1-ge4368a0 (webtiles) character file.

457 ololoev the Chopper (level 6, 3/47 HPs)
             Began as a Demonspawn Berserker on July 26, 2016.
             Was a Believer of Trog.
             Quit the game on level 6 of the Dungeon.
             The game lasted 00:04:09 (661 turns).

ololoev the Chopper (Demonspawn Berserker)           Turns: 661, Time: 00:04:09

Health: 3/47       AC:  9    Str: 19    XL:     6   Next: 77%
Magic:  6/6        EV: 10    Int:  8    God:    Trog [**....]
Gold:   126        SH:  0    Dex: 13    Spells: 0 memorised, 5 levels left

rFire  . . .     SeeInvis .     a - +0 hand axe
rCold  . . .     Clarity  .     e - +0 scale mail
rNeg   . . .     SustAt   .     (no shield)
rPois  .         Gourm    .     (helmet restricted)
rElec  .         Spirit   .     (no cloak)
rCorr  .         Warding  .     (no gloves)
rMut   .         Stasis   .     (no boots)
MR     .....                    (no amulet)
Stlth  ..........               (no ring)
                                (no ring)

@: exhausted, slowed, very slow, not resistant to hostile enchantments,
extremely unstealthy
A: antennae 1, thin metallic scales 1
a: Berserk, Trog's Hand, Burn Spellbooks, Renounce Religion


Innate Abilities, Weirdness & Mutations

You have a pair of small antennae on your head.
You are partially covered in thin metallic scales (AC +2).

Inventory:

Hand Weapons
 a - a +0 hand axe (weapon)
Armour
 e - a +0 scale mail (worn)
Scrolls
 d - a scroll of teleportation {unknown}
 f - a scroll of amnesia {unknown}
 g - a scroll of remove curse {unknown}
Comestibles
 b - a chunk of flesh
 c - 5 bread rations


   Skills:
 - Level 3.0 Fighting
 * Level 5.9 Axes
 + Level 4.1 Armour
 - Level 1.7 Dodging


You had 5 spell levels left.
You didn't know any spells.


You were on level 6 of the Dungeon.
You worshipped Trog.
Trog was pleased with you.
You were very hungry.

You visited 1 branch of the dungeon, and saw 6 of its levels.

You collected 126 gold pieces.

############
+..$@g(.g.$.
+.(())...$..
#'########'g
#.(.# #...#
#.>.# .$.g..
. #...#


.gKgc . PPP #'''## ##### g ♣PPP♣....♣♣♣♣P..♣♣♣### #

Notes
Turn   | Place    | Note
--------------------------------------------------------------
     0 | D:1      | ololoev the Demonspawn Berserker began the quest for the Orb.
     0 | D:1      | Reached XP level 1. HP: 18/18 MP: 1/1
   144 | D:2      | Gained mutation: You have a pair of small antennae on your head. [demonic ancestry]
   144 | D:2      | Reached XP level 2. HP: 17/24 MP: 2/2
   180 | D:4      | Reached XP level 3. HP: 20/29 MP: 3/3
   185 | D:4      | Reached skill level 4 in Axes
   188 | D:4      | Reached XP level 4. HP: 20/35 MP: 4/4
   262 | D:4      | Found a staircase to the Ecumenical Temple.
   284 | D:4      | Reached ** piety under Trog
   404 | D:5      | Entered Level 5 of the Dungeon
   459 | D:4      | Gained mutation: You are partially covered in thin metallic scales (AC +2). [demonic ancestry]
   459 | D:4      | Reached XP level 5. HP: 41/41 MP: 5/5
   574 | D:6      | Reached skill level 5 in Axes
   580 | D:6      | Reached XP level 6. HP: 45/47 MP: 6/6
   600 | D:6      | Noticed a centaur
   607 | D:6      | Noticed an ogre
   639 | D:6      | Noticed a centaur
   654 | D:6      | Killed a centaur
   661 | D:6      | Quit the game

Dungeon Overview and Level Annotations

Branches:
Dungeon (6/15)             Temple (0/1) D:4

Altars:


Message History

The hound bites you but does no damage. The centaur hits you!
Unknown command.
You slash the centaur!
You kill the centaur!
Trog accepts your kill.
Your Armour skill increases to level 4!
You hit the hound.
You kill the hound!
Trog accepts your kill.
The kobold throws a stone.
The stone hits you but does no damage.
The gnoll throws a stone.
The stone hits you.
Things that are here:
a spear; a ring mail You hit the gnoll.
The gnoll is lightly wounded.
You hit the kobold.
You kill the kobold!
Trog accepts your kill. The gnoll closely misses you.
Unknown command.
You hit the gnoll.
The gnoll is heavily wounded.
You are no longer berserk.
You are exhausted.
You feel yourself slow down.
You are feeling very hungry.
The gnoll closely misses you.
Unknown command.
Your scale mail prevents you from hitting the gnoll.
The gnoll is heavily wounded.
The gnoll hits you with a falchion.
A gnoll comes into view. It is wielding a club.
You barely miss the gnoll.
The gnoll is heavily wounded.
The gnoll shouts!
The gnoll hits you with a falchion.
You hit the gnoll.
The gnoll is severely wounded.
The gnoll hits you but does no damage.
Are you sure you want to abandon this character and quit the game? (Confirm with "yes".)

You could see 2 gnolls and a hobgoblin.

Vanquished Creatures
  A centaur (D:6)
  A gnoll sergeant (D:6)
  A scorpion (D:6)
  A crimson imp (D:6)
  4 hounds
  3 gnolls (D:4)
  5 adders
  An adder zombie (D:6)
  An adder skeleton (D:4)
  A giant gecko (D:3)
  An orc (D:5)
  3 giant cockroaches
  2 goblins
  2 hobgoblins
  9 jackals (D:4)
  A quokka (D:4)
  2 ball pythons
  A giant gecko skeleton (D:4)
  2 giant newts (D:3)
  3 kobolds (D:6)
  2 quokka skeletons
47 creatures vanquished.

Action                   |  1- 3 |  4- 6 || total
-------------------------+-------+-------++-------
Melee: Hand axe          |    48 |   144 ||   192
Invok: Berserk           |     1 |     4 ||     5
       Trog's Hand       |       |     2 ||     2
  Eat: Chunk             |       |     4 ||     4

Vault maps used:
D:1:      minmay_arrival_loop
D:2:      hangedman_ru_absence, grunt_gozag_breadcrumbs,
          nemelex_xobeh_ov_fountains_minmay, xom_redecorated
D:3:      okawaru_trees_1, gammafunk_temple_overflow_wave,
          makhleb_altar_promises_db, uniq_robin
D:4:      kennysheep_diamond, item_on_display_a
D:5:      first_bread, lightli_church_of_beogh
D:6:      kennysheep_housing_project, grunt_temple_overflow_open, basic_altar,
          grunt_ministairs_7
